 Dungeon Crawl Stone Soup version 0.31-a0-1008-g5b978dac0e (webtiles) character file.

Game seed: 12450901341668575018

1513 night the Summoner (level 8, -6/51 HPs)
             Began as a Tengu Summoner on Nov 12, 2023.
             Was an Initiate of Yredelemnul.
             Killed by divine providence
             ... invoked by an orc priest
              (13 damage)
             ... on level 5 of the Dungeon.
             The game lasted 00:16:14 (4800 turns).

night the Summoner (Tengu Summoner)                 Turns: 4800, Time: 00:16:14

Health: -6/51      AC:  4    Str:  9    XL:     8   Next: 83%
Magic:  9/17       EV: 31    Int: 15    God:    Yredelemnul [......]
Gold:   280        SH:  0    Dex: 17    Spells: 9/18 levels left

rFire   . . .        x - +2 dagger (venom)
rCold   . . .        (no shield)
rNeg    . . .        a - +0 robe
rPois   .            i - +2 hat
rElec   .            (no cloak)
rCorr   .            (no gloves)
SInv    .            (boots unavailable)
Will    .....        (no amulet)
Stlth   ++           (no ring)
HPRegen 0.28/turn    (no ring)
MPRegen 0.15/turn

%: acrobat
@: lethally poisoned (-6 -> -7), acrobatic, flying
A: beak, talons 3, evasive flight, acrobatic
a: Renounce Religion, Recall Undead Harvest


You were on level 5 of the Dungeon.
You worshipped Yredelemnul.
Yredelemnul was noncommittal.
You visited 2 branches of the dungeon, and saw 6 of its levels.

You collected 280 gold pieces.

Inventory:

Hand Weapons
 k - a +0 dagger
 s - a +0 trident
 x - a +2 dagger of venom (weapon)
Missiles
 c - 70 stones
 f - 2 poisoned darts
 h - 3 datura-tipped darts
 y - a throwing net
Armour
 a - a +0 robe (worn)
 i - a +2 hat (worn)
Scrolls
 d - a scroll of teleportation {unknown}
 e - a scroll of fear {unknown}
 g - a scroll of noise {unknown}
 q - a scroll of amnesia {unknown}
 u - a scroll of brand weapon {unknown}
 w - a scroll of enchant armour {unknown}
 z - 2 scrolls of identify {unknown}
Potions
 b - 2 potions of magic
 j - a potion of brilliance {unknown}
 l - a potion of degeneration {unknown}
 m - 2 potions of heal wounds {unknown}
 n - a potion of cancellation {unknown}
 o - a potion of lignification {unknown}
 p - 2 potions of invisibility {unknown}
 r - 3 potions of curing {unknown}
 t - a potion of ambrosia {unknown}
 v - a potion of resistance {unknown}


   Skills:
 + Level 6.1 Fighting
 - Level 2.1 Dodging
 - Level 2.0 Stealth
 + Level 5.9 Spellcasting
 + Level 8.8 Summonings


You had 9 spell levels left.
You knew the following spells:

 Your Spells              Type           Power      Damage    Failure   Level
a - Summon Small Mammal   Summ           100%       N/A       1%          1
b - Call Imp              Summ           62%        N/A       1%          2
c - Call Canine Familiar  Summ           31%        N/A       1%          3
d - Summon Guardian Gole  Hex/Summ       17%        N/A       8%          3

Your spell library contained the following spells:

 Spells                   Type           Power      Damage    Failure   Level
 Slow                     Hex            16%        N/A       16%         1
 Summon Lightning Spire   Summ/Air       17%        N/A       24%         4
 Confusing Touch          Hex            4%         N/A       41%         3
 Sigil of Binding         Hex            4%         N/A       41%         3
 Vampiric Draining        Necr           4%         2d6       41%         3


Dungeon Overview and Level Annotations

Branches:
Dungeon (5/15)             Temple (1/1) D:5

Altars:
Ashenzari
Cheibriados
Dithmenos
Elyvilon
Hepliaklqana
Kikubaaqudgha
Makhleb
Qazlal
Sif Muna
Uskayaw
Vehumet
Yredelemnul
Zin
The Shining One


Innate Abilities, Weirdness & Mutations

You have a beak for a mouth.
You have claws for feet.
Your magical flight helps you evade attacks. (EV +4)
You can magically evade attacks while moving or waiting.


Message History

The adder bites you.
You are poisoned.
The adder poisons you!
Your cerulean imp barely misses the iguana.
Your quokka closely misses the adder.
Your orc zombie closely misses the iguana.
The adder barely misses you.
The orc priest hits your quokka with a +0 club.
The iguana barely misses you.
Your orc priest zombie barely misses the orc.
The orc barely misses your quokka.
The orc hits your orc priest zombie with a +0 hand axe.
You hit the adder.
The adder is poisoned.
Your kick misses the adder. You peck the adder, but do no damage.
The adder is almost dead.
You feel sick.
Your cerulean imp hits the iguana with a -1 spear.
Your quokka bites the adder.
The adder dies!
The orc hits your quokka with a +0 hand axe.
The orc hits your orc priest zombie with a +0 hand axe.
Your orc zombie closely misses the iguana.
The iguana completely misses you.
The orc priest hits your quokka with a +0 club!
Your quokka dies!
Your quokka's corpse disappears in a puff of smoke!
You feel sick.
Your orc priest zombie hits the orc.
Your cerulean imp hits the orc from afar with a -1 spear.
The iguana attacks as it pursues you! The iguana bites you!
* * * LOW HITPOINT WARNING * * *
You feel sick.
Your orc zombie closely misses the orc priest.
Your cerulean imp hits the orc from afar with a -1 spear.
The orc dies!
The dead are walking!
Your orc priest zombie hits the iguana but does no damage.
The orc priest calls down the wrath of Beogh upon you.
Beogh smites you!
You die...
Your body rises from the dead as a mindless zombie.

###.##)##).....#.8.#.............
#.##.#.........................
#.##.##......8.>.8.............
#....##............?........O..
#.#####......#.8.#...>.......O.
### #........................
#.........l)5............
#.........loZ..>.........
#.......@Z[).............
............Z...........
.........)<.............
........................
...................
..............<....
...................
...................
?...............


You could see 2 iguanas, an orc priest (ally target), a friendly cerulean imp
(summoned), 2 friendly orc zombies and a friendly orc priest zombie.

Vanquished Creatures
  A black bear (D:4)
  A lemure (D:4)
  An orc priest (D:5)
  An orc wizard (D:5)
  2 gnolls (D:4)
  3 adders
  2 dart slugs
  4 orcs
  4 endoplasms
  A giant cockroach (D:4)
  2 goblins
  4 hobgoblins
  4 jackals (D:1)
  A quokka (D:3)
  2 ball pythons
  4 bats
  4 kobolds (D:1)
  4 rats
45 creatures vanquished.

Vanquished Creatures (collateral kills)
  2 ogres (D:5)
  2 lemures (D:4)
  A hound (D:4)
  An orc priest (D:5)
  An iguana (D:4)
  6 gnolls
  7 adders
  10 orcs
  2 endoplasms
  A giant cockroach (D:1)
  2 goblins
  4 hobgoblins
  5 kobolds
  3 ball pythons (D:1)
  A frilled lizard (D:1)
  4 rats (D:1)
52 creatures vanquished.

Vanquished Creatures (others)
  Pikel (D:4)
  Grinder (D:4)
  Edmund (D:5)
  A lemure (D:4)
  An iguana (D:4)
  An orc wizard (D:4)
  3 gnolls (D:4)
  An adder (D:5)
  An adder zombie (D:5)
  An orc (D:4)
  An orc zombie (D:5)
13 creatures vanquished.

Grand Total: 110 creatures vanquished

Notes
Turn   | Place    | Note
-------+----------+-------------------------------------------
     0 | D:1      | night the Tengu Summoner began the quest for the Orb.
     0 | D:1      | Reached XP level 1. HP: 10/10 MP: 4/4
   104 | D:1      | Reached skill level 5 in Summonings
   104 | D:1      | Reached XP level 2. HP: 6/16 MP: 4/6
   107 | D:1      | Learned a level 2 spell: Call Imp
   373 | D:1      | Reached skill level 1 in Fighting
   683 | D:1      | Reached XP level 3. HP: 20/20 MP: 7/7
   957 | D:2      | Learned a level 3 spell: Call Canine Familiar
  1600 | D:2      | Reached XP level 4. HP: 26/26 MP: 9/9
  1654 | D:2      | Reached skill level 2 in Fighting
  2030 | D:3      | HP: 3/26 [adder (1)]
  2205 | D:3      | Learned a level 3 spell: Summon Guardian Golem
  2480 | D:3      | Reached XP level 5. HP: 31/31 MP: 3/10
  2799 | D:4      | Reached skill level 6 in Summonings
  2900 | D:4      | Noticed Grinder
  2924 | D:4      | Killed Grinder
  2925 | D:4      | Reached XP level 6. HP: 37/37 MP: 3/13
  3309 | D:4      | Gained mutation: Your magical flight helps you evade
                  | attacks. (EV +4) [Tengu growth]
  3309 | D:4      | Reached XP level 7. HP: 42/42 MP: 6/14
  3476 | D:4      | Reached skill level 7 in Summonings
  3597 | D:4      | Found an ancient bone altar of Kikubaaqudgha.
  3869 | D:4      | Noticed Pikel
  4243 | D:4      | Killed Pikel
  4244 | D:4      | Reached skill level 5 in Fighting
  4244 | D:4      | Reached skill level 5 in Spellcasting
  4244 | D:4      | Reached skill level 8 in Summonings
  4244 | D:4      | Reached XP level 8. HP: 13/49 MP: 12/17
  4458 | D:5      | Entered Level 5 of the Dungeon
  4558 | D:5      | Noticed Edmund
  4659 | D:5      | Killed Edmund
  4723 | D:5      | Found a staircase to the Ecumenical Temple.
  4733 | Temple   | Entered the Ecumenical Temple
  4762 | Temple   | Became a worshipper of Yredelemnul the Dark
  4800 | D:5      | HP: 7/51 [poisoned by an adder]
  4800 | D:5      | Killed from afar by an orc priest

Illustrated notes

Levels and vault maps discovered:
D:1:      evilmike_arrival_rings, layout_rooms
D:2:      layout_loops_ring
D:3:      layout_rooms, dk_vineyard_2
D:4:      layout_loops_ring, mainiacjoe_overflow_small_starburst, uniq_pikel,
          uniq_grinder
D:5:      layout_basic, minmay_temple_entry_statues_pillars, uniq_edmund
Temple:   hellmonk_temple_forest_ring

Skill      XL: |  1  2  3  4  5  6  7  8 |
---------------+-------------------------+-----
Summonings     | 5 6 8 |  8.8
Fighting       | 1 2 3 5 6 |  6.1
Spellcasting   | 3 4 5 |  5.9
Dodging        | |  2.1
Stealth        | |  2.0

Action                     |  1- 3 |  4- 6 |  7- 9 || total
---------------------------+-------+-------+-------++-------
  Melee: Unarmed           |    28 |       |       ||    28
         Kick              |    12 |     5 |    25 ||    42
         Peck              |    10 |     4 |    10 ||    24
         Dagger            |    20 |     8 |    59 ||    87
         Trident           |       |    32 |     5 ||    37
   Cast: Summon Small Mamm |    20 |    10 |     7 ||    37
         Call Imp          |    15 |    19 |    13 ||    47
         Call Canine Famil |     4 |    12 |    13 ||    29
         Summon Guardian G |       |     4 |     9 ||    13
   Stab: Distracted        |     1 |       |       ||     1
         Sleeping          |     4 |     8 |       ||    12
 Armour: Robe              |    13 |    24 |    24 ||    61
  Dodge: Dodged            |    44 |    45 |    61 ||   150

Table legend: (Time is in decaauts)
 A = Elapsed time spent in this place.
 B = Non-inter-level travel time spent in this place.
 C = Inter-level travel time spent in this place.
 D = Time resting spent in this place.
 E = Time spent auto-exploring this place.
 F = Levels seen in this place.
 G = Mean time per level.
                   A        B        C        D        E       F      G
               +--------+--------+--------+--------+--------+-----+--------+
         Total |   4814 |   4623 |    191 |    633 |   2961 |   6 |  802.3 |
       Dungeon |   4777 |   4622 |    155 |    633 |   2961 |   5 |  955.4 |
        Temple |     37 |      1 |     36 |      0 |      0 |   1 |   37.0 |
               +--------+--------+--------+--------+--------+-----+--------+

Top non-repeatable levels by time:
     D:4: 1776 daAuts
     D:2: 963 daAuts
     D:1: 946 daAuts
     D:3: 892 daAuts
     D:5: 198 daAuts
  Temple: 37 daAuts
